 Dungeon Crawl Stone Soup version 0.29.0-15-g675c0067aa (webtiles) character file.

Game seed: 6364457198621041133

298 qw the Chopper (level 6, 0/38 HPs)
             Began as a Gargoyle Delver on Sept 11, 2022.
             Slain by an iguana (4 damage)
             ... on level 5 of the Dungeon.
             The game lasted 00:00:12 (920 turns).

qw the Chopper (Gargoyle Delver)                     Turns: 920, Time: 00:00:13

Health: 0/38       AC:  7    Str: 17    XL:     6   Next: 36%
Magic:  6/6        EV: 11    Int: 11    God:
Gold:   29         SH:  0    Dex: 11    Spells: 5/5 levels left

rFire   . . .      SeeInvis .   a - +0 hand axe
rCold   . . .      Faith    .   (no shield)
rNeg    + . .      Spirit   .   b - +0 leather armour
rPois   inf        Reflect  .   (no helmet)
rElec   +          Harm     .   (no cloak)
rCorr   .          Rampage  .   (no gloves)
Will    .....                   (no boots)
Stlth   +++.......              (no amulet)
HPRegen 0.12/turn               (no ring)
MPRegen 0.10/turn               (no ring)

@: no status effects
A: sickness immunity, AC +4, negative energy resistance 1, electricity
resistance, torment resistance 1, petrification resistance
a: no special abilities


You were on level 5 of the Dungeon.
You visited 1 branch of the dungeon, and saw 1 of its levels.

You collected 29 gold pieces.


Innate Abilities, Weirdness & Mutations

You are immune to sickness and miasma.
Your stone body is resilient. (AC +4)
You are immune to poison.
You resist negative energy. (rN+)
You are resistant to electric shocks. (rElec)
You are resistant to unholy torment.
You are immune to petrification.


   Skills:
 - Level 4.2 Fighting
 + Level 5.5 Axes
 - Level 1.5 Dodging
 - Level 5.4 Stealth


You had 5 spell levels left.
You didn't know any spells.
Your spell library was empty.

Inventory:

Hand Weapons
 a - a +0 hand axe (weapon)
Armour
 b - a +0 leather armour (worn)
 h - a +0 scale mail
Wands
 g - a wand of digging (3)
Scrolls
 c - a scroll of fog
 d - a scroll of magic mapping
 e - a scroll of fear
 i - a scroll of teleportation {unknown}
Potions
 f - a potion of haste

Dungeon Overview and Level Annotations

Branches:
Dungeon (5/15)
 Temple: D:4-7

Altars:

Annotations:
D:5 3 runed translucent doors, qw's ghost, weakling GrDe


Message History

The centaur kicks you but does no damage.
The iguana barely misses you.
You hit the iguana but do no damage.
The iguana is heavily wounded.
You hit the centaur but do no damage. The centaur barely misses you.
The centaur closely misses you. The centaur barely misses you.
The centaur kicks you. The iguana bites you!
You hit the iguana.
The iguana is heavily wounded.
You closely miss the centaur.
The centaur hits you but does no damage.
The centaur kicks you. The iguana closely misses you.
You hit the iguana.
The iguana is severely wounded.
You closely miss the centaur. The centaur hits you.
The centaur kicks you but does no damage.
The centaur closely misses you.
The centaur kicks you but does no damage.
The iguana bites you but does no damage.
You barely miss the iguana.
The iguana is severely wounded.
You hit the phantom. You hit the centaur. The centaur closely misses you. x2
The centaur hits you but does no damage.
The centaur barely misses you. The phantom closely misses you.
The iguana barely misses you.
You hit the iguana.
The iguana is severely wounded.
You miss the phantom. You hit the centaur. The centaur barely misses you.
The centaur misses you. The iguana bites you! The phantom closely misses you.
You closely miss the iguana.
The iguana is severely wounded.
You hit the phantom but do no damage. You hit the centaur.
The centaur closely misses you.
The centaur kicks you but does no damage.
The centaur hits you but does no damage.
The centaur closely misses you. The iguana bites you.
You die...

#...........~
#...........~
#..........# #.........#
.. #.(.......## #.....#.
##..........####.....#5
#....c.W.............##
#....l@................
#......................
#......................
#...#..................
##...#..........<......
~~~~~#................~
###...#........#######.~
#............######...
....................


You could see a phantom, a centaur and an iguana.

Vanquished Creatures
  Sigmund (D:5)
  2 scorpions (D:5)
  An iguana (D:5)
  An ufetubus (D:5)
5 creatures vanquished.

Notes
Turn   | Place    | Note
-------+----------+-------------------------------------------
     0 | D:5      | qw the Gargoyle Delver began the quest for the Orb.
     0 | D:5      | Reached XP level 1. HP: 14/14 MP: 1/1
     0 | D:5      | 0 ||| qw: Version: 0.1-a-118-gb4e7ce6
     0 | D:5      | 0 ||| qw: Game counter: 10453
     0 | D:5      | 0 ||| qw: Always use a shield: true
     0 | D:5      | 0 ||| qw: God list: Okawaru
     0 | D:5      | 0 ||| qw: Allow faded altars: false
     0 | D:5      | 0 ||| qw: Do Orc after D:15 true
     0 | D:5      | 0 ||| qw: Do second Lair branch before Depths: true
     0 | D:5      | 0 ||| qw: Lair rune preference: random
     0 | D:5      | 0 ||| qw: Plans: Normal
     0 | D:5      | 0 ||| PLANNING D:1-11
     9 | D:5      | Noticed Sigmund
    10 | D:5      | 10 ||| Stepping ~*~*~tactically~*~*~ (hiding).
   115 | D:5      | Noticed an orc warrior
   128 | D:5      | HP: 3/14 [Sigmund/+0 scythe (3)]
   130 | D:5      | Killed Sigmund
   131 | D:5      | Reached XP level 2. HP: 4/19 MP: 2/2
   131 | D:5      | Reached XP level 3. HP: 5/23 MP: 3/3
   131 | D:5      | Reached XP level 4. HP: 6/28 MP: 4/4
   131 | D:5      | Reached XP level 5. HP: 7/32 MP: 5/5
   176 | D:5      | 176 ||| Stepping ~*~*~tactically~*~*~ (stealth).
   181 | D:5      | HP: 8/32 [ufetubus (3)]
   302 | D:5      | Noticed an ice beast
   303 | D:5      | Noticed qw's ghost (weakling GrDe)
   424 | D:5      | Found a runed translucent gate.
   425 | D:5      | Found a runed translucent gate.
   426 | D:5      | Found a runed translucent gate.
   474 | D:5      | HP: 8/32 [scorpion (5)]
   476 | D:5      | Reached XP level 6. HP: 9/38 MP: 6/6
   919 | D:5      | HP: 4/38 [iguana (9)]
   920 | D:5      | Slain by an iguana

Levels and vault maps discovered:
D:5:      layout_basic, gammafunk_ghost_split, serial_rivers,
          chequers_serial_rivers_room_a, chequers_serial_rivers_micro_b,
          chequers_serial_rivers_marsh, chequers_serial_rivers_small_3,
          chequers_serial_rivers_micro_e, uniq_menkaure, uniq_sigmund,
          uniq_blork_the_orc

Skill      XL: |  1  2  3  4  5 |
---------------+----------------+-----
Axes           | 4 5 |  5.5
Fighting       | 4 |  4.2
Dodging        | |  1.5
Stealth        | |  5.4

Action                   |  1- 3 |  4- 6 || total
-------------------------+-------+-------++-------
Melee: Hand axe          |    11 |    54 ||    65
 Stab: Sleeping          |     1 |       ||     1
Armor: Leather armour    |     1 |    28 ||    29
Dodge: Dodged            |     5 |    46 ||    51

Table legend:
 A = Non-vault XP
 B = Vault XP
 C = Vault XP percentage of total XP
 D = Non-vault monster count
 E = Vault monster count
 F = Vault count percentage of total count
                 A         B        C        D         E       F
            +---------+---------+-------+---------+---------+-------
      Total |     213 |     214 |  50.1 |       4 |       1 |  20.0
            +---------+---------+-------+---------+---------+-------
        D:5 |     213 |     214 |  50.1 |       4 |       1 |  20.0
            +---------+---------+-------+---------+---------+-------
